 Dungeon Crawl Stone Soup version 0.30.1-3-gfc49f6343a (webtiles) character file.

Game seed: 8365411057300053020

364 shmup the Firebug (level 6, -3/32 HPs)
             Began as a Tengu Fire Elementalist on Aug 4, 2023.
             Slain by Edmund
             ... wielding a +4 flail of holy wrath
              (9 damage)
             ... on level 4 of the Dungeon.
             The game lasted 00:11:20 (5099 turns).

shmup the Firebug (Tengu Fire Elementalist)         Turns: 5099, Time: 00:11:21

Health: -3/32      AC:  3    Str:  8    XL:     6   Next: 67%
Magic:  9/10       EV: 14    Int: 17    God:
Gold:   198        SH:  0    Dex: 15    Spells: 6/9 levels left

rFire   . . .        b - +1 dagger (speed)
rCold   . . .        (no shield)
rNeg    . . .        q - +1 robe
rPois   .            (helmet restricted)
rElec   .            (no cloak)
rCorr   .            (no gloves)
SInv    .            (boots unavailable)
Will    .....        (no amulet)
Stlth   ++           (no ring)
HPRegen 0.25/turn    (no ring)
MPRegen 0.12/turn

%: no passive effects
@: flying quickly and evasively, quick
A: beak, talons 3, nimble flight
a: no special abilities


You were on level 4 of the Dungeon.
You visited 1 branch of the dungeon, and saw 4 of its levels.

You collected 198 gold pieces.

Inventory:

Hand Weapons
 a - a +3 dagger of venom
 b - a +1 dagger of speed (weapon)
 x - a +2 flail of protection
Missiles
 c - 27 stones (quivered)
 p - 2 poisoned darts
 t - 6 boomerangs
 v - 5 javelins
Armour
 i - a +2 pair of gloves
 q - a +1 robe (worn)
Jewellery
 n - an amulet of faith
Scrolls
 d - a scroll of magic mapping {unknown}
 f - a scroll of enchant weapon {unknown}
 h - a scroll of summoning {unknown}
 j - a scroll of fear {unknown}
 l - a scroll of acquirement {unknown}
 o - a scroll of enchant armour
 s - a scroll of fog {unknown}
 w - a scroll of immolation
Potions
 e - a potion of cancellation
 g - 2 potions of might
 k - 2 potions of heal wounds
 m - a potion of lignification
 u - a potion of curing {unknown}


   Skills:
 - Level 2.1 Dodging
 - Level 2.0 Stealth
 - Level 2.0 Spellcasting
 + Level 5.0 Conjurations
 * Level 6.8 Fire Magic


You had 6 spell levels left.
You knew the following spells:

 Your Spells              Type           Power      Damage    Failure   Level
a - Foxfire               Conj/Fire      84%        2x1d8     1%          1
b - Scorch                Fire           48%        2d7       1%          2

Your spell library contained the following spells:

 Spells                   Type           Power      Damage    Failure   Level
 Inner Flame              Hex/Fire       13%        N/A       14%         3
 Volatile Blastmotes      Fire/Tloc      26%        2d12      14%         3
 Flame Wave               Conj/Fire      21%        2d8       17%         4


Dungeon Overview and Level Annotations

Branches:
Dungeon (4/15) Zot: 19054
 Temple: D:4-7

Altars:
Elyvilon

Annotations:
D:1 1 runed translucent door
D:3 exclusion: downstairs
D:4 Edmund, Eustachio


Innate Abilities, Weirdness & Mutations

You have a beak for a mouth.
You have claws for feet.
Your magical nature lets you fly swiftly and evasively.


Message History

Edmund's fire resistance burns away.
You hear a shout!
The foxfire hits Edmund!
Edmund is burned terribly!
Edmund is moderately wounded.
Casting: Scorch (safe; 1% risk of failure)
Confirm with . or Enter, or press ? or * to list all spells.
Flames lash Edmund.
Edmund is burned terribly!
Edmund is severely wounded.
Your foxfire dissipates!
Edmund zaps a wand.
The puff of flame hits you!
* * * LOW HITPOINT WARNING * * *
Casting: Scorch (safe; 1% risk of failure)
Confirm with . or Enter, or press ? or * to list all spells.
Flames lash Edmund.
Edmund is almost dead.
Edmund zaps a wand.
The puff of flame hits you!
* * * LOW HITPOINT WARNING * * *
Casting: Scorch (safe; 1% risk of failure)
Confirm with . or Enter, or press ? or * to list all spells.
Flames lash Edmund.
Edmund is burned terribly!
Edmund is almost dead.
Casting: Scorch (safe; 1% risk of failure)
Confirm with . or Enter, or press ? or * to list all spells.
You don't have enough magic to cast this spell.
You barely miss Edmund. Your kick misses Edmund. Your peck misses Edmund.
Edmund is almost dead.
Edmund hits you with a +4 flail of holy wrath!
* * * LOW HITPOINT WARNING * * *
You closely miss Edmund. Your kick misses Edmund.
Edmund is almost dead.
You hit Edmund. You claw Edmund, but do no damage. Your peck misses Edmund.
Edmund is almost dead.
Edmund zaps a wand.
The puff of flame misses you. Magic courses through your body.
Edmund misses you.
Casting: Scorch (safe; 1% risk of failure)
Confirm with . or Enter, or press ? or * to list all spells.
Flames lash Edmund.
Edmund is almost dead.
Edmund hits you with a +4 flail of holy wrath!
You die...

.....▒▒▒ ▒.......▒
.▒▒.▒▒.▒.▒▒▒▒.▒▒▒.▒ ▒
.....)▒........▒
..............▒▒
.▒....▒.▒▒▒▒▒.▒ .▒......▒
▒.▒ ......▒.▒ ▒.▒ ▒
▒▒▒▒....▒ ▒.▒
........▒▒▒▒▒Q▒
.▒▒▒......@.@.▒ ▒▒ ▒
▒▒▒...▒▒▒▒▒▒ .▒▒.▒ ▒...▒
....▒▒▒▒▒...▒▒▒▒▒▒▒ ..▒
......<...........▒▒...
..............▒....▒▒.▒
.....[.............▒▒.▒▒.▒
...[▒▒▒▒▒...▒▒▒▒▒▒.▒▒.....


You could see Edmund (combustible) and Eustachio.

Vanquished Creatures
  3 orc priests
  4 orc wizards (D:3)
  Robin (D:2)
  6 adders
  2 worms
  A dart slug (D:2)
  12 orcs
  7 ball pythons
  8 endoplasms
  2 giant cockroaches
  12 hobgoblins
  2 jackals (D:2)
  5 kobolds
  3 quokkas
  4 bats (D:2)
  5 frilled lizards
  11 goblins
  5 rats
93 creatures vanquished.

Vanquished Creatures (others)
  145 foxfires
145 creatures vanquished.

Grand Total: 238 creatures vanquished

Notes
Turn   | Place    | Note
-------+----------+-------------------------------------------
     0 | D:1      | shmup the Tengu Fire Elementalist began the quest for the
                  | Orb.
     0 | D:1      | Reached XP level 1. HP: 10/10 MP: 4/4
    24 | D:1      | Found a runed translucent door.
   184 | D:1      | Reached XP level 2. HP: 14/15 MP: 1/6
   318 | D:1      | Learned a level 2 spell: Scorch
   654 | D:1      | Reached skill level 4 in Fire Magic
  1273 | D:2      | Reached XP level 3. HP: 13/19 MP: 3/7
  1826 | D:2      | Found a faded altar of an unknown god.
  1912 | D:2      | Reached XP level 4. HP: 24/24 MP: 4/8
  2181 | D:2      | Noticed Robin
  2186 | D:2      | Killed Robin
  2187 | D:2      | Reached skill level 5 in Fire Magic
  2573 | D:3      | Gained mutation: Your magical nature lets you fly swiftly
                  | and evasively. [Tengu growth]
  2573 | D:3      | Reached XP level 5. HP: 28/28 MP: 0/9
  2961 | D:3      | Reached skill level 6 in Fire Magic
  3119 | D:3      | Found a white marble altar of Elyvilon.
  3699 | D:3      | Reached XP level 6. HP: 32/32 MP: 5/10
  4337 | D:4      | Noticed an ice beast
  4706 | D:4      | Reached skill level 5 in Conjurations
  4829 | D:4      | Noticed Edmund
  4861 | D:4      | Noticed Eustachio
  5099 | D:4      | Slain by Edmund

Illustrated notes

Levels and vault maps discovered:
D:1:      dpeg_arrival_caged_fury, layout_loops_ring
D:2:      layout_loops_ring, shapermc_ecumenical_altar_mp_urbaneastern,
          palyth_stone_intersect, chequers_garden, minmay_between, uniq_robin
D:3:      layout_loops_corners, nicolae_elyvilon_temple_path, st_stairs_14
D:4:      layout_loops_cross, roderic_batcave, uniq_edmund, uniq_eustachio,
          uniq_crazy_yiuf_cottage

Skill      XL: |  1  2  3  4  5  6 |
---------------+-------------------+-----
Conjurations   | 2 3 4 5 |  5.0
Fire Magic     | 4 5 6 |  6.8
Dodging        | |  2.1
Stealth        | |  2.0
Spellcasting   | |  2.0

Action                     |  1- 3 |  4- 6 || total
---------------------------+-------+-------++-------
  Melee: Dagger            |    11 |    28 ||    39
         Kick              |     2 |     7 ||     9
         Peck              |     1 |     2 ||     3
         Punch             |       |     1 ||     1
   Cast: Foxfire           |    52 |    47 ||    99
         Scorch            |    14 |    51 ||    65
    Use: Scroll            |     2 |     4 ||     6
         Potion            |       |     1 ||     1
 Armour: Robe              |     3 |     3 ||     6
  Dodge: Dodged            |    17 |    25 ||    42
